 Dungeon Crawl Stone Soup version 0.27-a0-1559-g299f9947c5 (webtiles) character file.

Game seed: 11266865348692523832

4879 Morbidden the Slasher (level 10, 0/74 HPs)
             Began as a Demonspawn Fighter on July 15, 2021.
             Was a Believer of Cheibriados.
             Killed by divine providence
             ... invoked by a meliai
             ... summoned by a wight
              (13 damage)
             ... on level 9 of the Dungeon on July 16, 2021.
             The game lasted 00:13:45 (8855 turns).

Morbidden the Slasher (Demonspawn Fighter)          Turns: 8855, Time: 00:13:45

Health: 0/74       AC: 21    Str: 21    XL:     10   Next: 26%
Magic:  15/15      EV:  7    Int: 18    God:    Cheibriados [**....]
Gold:   391        SH: 15    Dex: 21    Spells: 8/15 levels left

rFire    + + .     SeeInvis .   a - +3 long sword of the Jester {venom, rF+ rN+ Will+ Dex+3}
rCold    . . .     Faith    .   c - +0 kite shield
rNeg     + . .     Spirit   .   l - +0 plate armour
rPois    .         Reflect  .   (no helmet)
rElec    .         Harm     .   o - +1 cloak
rCorr    .         Rampage  .   (no gloves)
Will     +....                  (no boots)
Stlth    ..........             (no amulet)
HPRegen  0.22/turn              h - ring of protection from fire
MPRegen  0.14/turn              (no ring)

@: lethally poisoned (0 -> -7), very slow
A: thin metallic scales 2, icemail 1, condensation shield
a: Renounce Religion, Bend Time


You were on level 9 of the Dungeon.
You worshipped Cheibriados.
Cheibriados was pleased with you.
You visited 2 branches of the dungeon, and saw 10 of its levels.

You collected 391 gold pieces.

Inventory:

Hand Weapons
 a - the +3 long sword of the Jester (weapon) {venom, rF+ rN+ Will+ Dex+3}
   (You took it off a hobgoblin on level 4 of the Dungeon)

   It poisons the flesh of those it strikes.
   Dex:       It affects your dexterity (+3).
   rF:        It protects you from fire.
   rN:        It protects you from negative energy.
   Will:      It increases your willpower.
 q - a +3 scimitar
 w - a +5 dagger of freezing
Missiles
 g - 38 poisoned darts (quivered)
Armour
 c - a +0 kite shield (worn)
 l - a +0 plate armour (worn)
 o - a +1 cloak (worn)
 x - +0 acid dragon scales
Jewellery
 h - a ring of protection from fire (left hand)
Wands
 m - a wand of digging (6)
 p - a wand of polymorph (7)
 B - a wand of acid (8)
Scrolls
 b - a scroll of acquirement {unknown}
 e - a scroll of teleportation
 f - a scroll of summoning
 j - 5 scrolls of identify {unknown}
 k - 3 scrolls of noise {unknown}
 n - 2 scrolls of fog {unknown}
 s - 2 scrolls of magic mapping {unknown}
 t - 3 scrolls of immolation {unknown}
 u - a scroll of blinking {unknown}
 y - a scroll of silence {unknown}
 C - a scroll of enchant weapon {unknown}
Potions
 d - a potion of mutation {unknown}
 i - a potion of berserk rage
 r - a potion of degeneration {unknown}
 v - a potion of flight {unknown}
 z - a potion of curing {unknown}
 A - 2 potions of heal wounds {unknown}


   Skills:
 * Level 5.4 Fighting
 + Level 6.9 Long Blades
 + Level 1.8 Throwing
 + Level 4.6 Armour
 * Level 4.8 Dodging
 + Level 2.0 Stealth
 + Level 6.2 Shields
 * Level 2.7 Unarmed Combat
 * Level 3.4 Spellcasting
 * Level 1.9 Transmutations
 * Level 1.5 Air Magic
 * Level 5.7 Invocations


You had 8 spell levels left.
You knew the following spells:

 Your Spells              Type           Power      Damage    Failure   Level
a - Storm Form            Tmut/Air       4%         N/A       100%        7

Your spell library contained the following spells:

 Spells                   Type           Power      Damage    Failure   Level
 Animate Skeleton         Necr           6%         N/A       100%        1
 Apportation              Tloc           6%         N/A       100%        1
 Corona                   Hex            3%         N/A       100%        1
 Summon Small Mammal      Summ           12%        N/A       100%        1
 Blink                    Tloc           N/A        N/A       100%        2
 Ozocubu's Armour         Ice            3%         N/A       100%        3
 Fireball                 Conj/Fire      1%         3d3       100%        5
 Manifold Assault         Tloc           3%         N/A       100%        5
 Starburst                Conj/Fire      1%         8x6d3     100%        6
 Ozocubu's Refrigeration  Ice            1%         4d5       100%        7
 Ignition                 Fire           1%         3d3       100%        8


Dungeon Overview and Level Annotations

Branches:
Dungeon (9/15)             Temple (1/1) D:4
   Lair: D:8-11         Orc: D:9-12

Altars:
Ashenzari
Cheibriados
Dithmenos
Elyvilon
Fedhas
Gozag
Hepliaklqana
Nemelex Xobeh
Qazlal
Ru
Sif Muna
Trog
Uskayaw
Xom
Yredelemnul
Zin
The Shining One

Shops:
D:2 [:[*   D:3 *   D:5 *   D:6 (


Innate Abilities, Weirdness & Mutations

You are mostly covered in thin metallic scales. (AC +3)
A meltable icy envelope protects you from harm. (AC +4)
A meltable shield of frost defends you. (SH +4)


Message History

Things that are here:
a +0 giant spiked club; a +0 giant club
g - 37 poisoned darts (gained 2)
g - 38 poisoned darts (gained 1)
You start resting.
HP restored.
You start waiting.
Done waiting.
Unknown command.
Unknown command.
You open the door.
There is an open door here.
You open the door.
There is an open door here.
Unknown command.
The wight reads a scroll.
Wisps of shadow swirl around the wight.
The meliai buzzes angrily. x2; The yak bellows! x2
The meliai invokes the aid of its god against you.
Something smites you! You block the meliai's attack. The meliai stings you!
You are poisoned.
The meliai poisons you!
Unknown command.
Unknown command.
You feel very sick.
The meliai mumbles some strange prayers to its god against you.
Something smites you!
The howler monkey hoots and howls with incredible vigour!
The meliai mumbles some strange prayers to its god against you.
Something smites you!
You hear a croak.
Unknown command.
Unknown command.
You feel very sick.
The meliai invokes the aid of its god against you.
Something smites you!
* * * LOW HITPOINT WARNING * * *
You block the meliai's attack. x2
The meliai mumbles some strange prayers to its god against you.
Something smites you!
You die...

###...+.....#.............#
..#...#.....#.######......#
..#...#######.#....#......#
..#...........#....#......#
..#...........#....+......#
###...........#....#......#
..............#....'......##.
..########....######.z.......
..# #......@yyYhY.Y..... ..#
#....#####y..hh..... ..#
+....# #.#####h... ..##+
#....# #.+ ... ..... ......#
#.# ## .)... .......+ #.#
..............# #.#
..............# #.# ##### #.#


You could see 3 yaks, 3 meliai, 3 howler monkeys and a wight.

Vanquished Creatures
  2 two-headed ogres
  Maggie (D:7)
  3 yaks (D:8)
  Menkaure (D:4)
  A water moccasin (D:8)
  Purgy (D:3)
  2 ice beasts (D:6)
  A necrophage (D:3)
  2 orc warriors
  2 centaurs
  2 ogres
  2 phantoms
  A kobold brigand (D:8)
  A bullfrog (D:6)
  2 scorpions
  7 killer bees (D:7)
  10 wights
  3 howler monkeys (D:8)
  2 bullfrog zombies (D:5)
  A centaur zombie (D:5)
  3 hounds
  A jelly (D:5)
  An orc priest (D:9)
  Crazy Yiuf (D:4)
  3 iguanas
  Ijyb (D:4)
  2 orc wizards
  2 hound skeletons (D:4)
  2 howler monkey skeletons (D:7)
  6 adders
  A white imp (D:7)
  2 dart slugs
  22 orcs
  4 endoplasms
  2 giant cockroaches
  5 goblins
  4 hobgoblins
  4 jackals
  11 ball pythons
  2 bats
  3 frilled lizards
  8 kobolds
  3 rats
140 creatures vanquished.

Vanquished Creatures (others)
  A plant (D:6)
1 creature vanquished.

Grand Total: 141 creatures vanquished

Notes
Turn   | Place    | Note
-------+----------+-------------------------------------------
     0 | D:1      | Morbidden the Demonspawn Fighter began the quest for the
                  | Orb.
     0 | D:1      | Reached XP level 1. HP: 18/18 MP: 1/1
   509 | D:1      | Gained mutation: A meltable shield of frost defends you.
                  | (SH +4) [demonic ancestry]
   509 | D:1      | Reached XP level 2. HP: 24/24 MP: 2/2
   823 | D:2      | Found Adaydioxt's Armour Emporium.
   937 | D:2      | Reached XP level 3. HP: 29/29 MP: 3/3
  1121 | D:2      | Found a sparkling altar of Nemelex Xobeh.
  1159 | D:2      | Found Fecvesoj's Book Boutique.
  1358 | D:2      | Found Vaon's Armour Shoppe.
  1513 | D:2      | Found Siafexoq's General Store.
  1717 | D:2      | Gained mutation: You are partially covered in thin metallic
                  | scales. (AC +2) [demonic ancestry]
  1717 | D:2      | Reached XP level 4. HP: 35/35 MP: 4/4
  2121 | D:3      | Found Lyirph's Assorted Antiques.
  2342 | D:3      | Upgraded the game from 0.27-a0-1555-g0e7b3fb1d2 to
                  | 0.27-a0-1559-g299f9947c5
  2410 | D:3      | Noticed Purgy
  2444 | D:3      | Killed Purgy
  2445 | D:3      | Reached skill level 1 in Throwing
  2445 | D:3      | Reached XP level 5. HP: 20/41 MP: 5/5
  2890 | D:4      | Noticed a necrophage
  2909 | D:3      | Killed a necrophage
  2910 | D:3      | Reached skill level 1 in Dodging
  2910 | D:3      | Gained mutation: You are mostly covered in thin metallic
                  | scales. (AC +3) [demonic ancestry]
  2910 | D:3      | Reached XP level 6. HP: 44/47 MP: 6/6
  2962 | D:4      | Found a bloodstained altar of Trog.
  2976 | D:4      | Noticed Ijyb
  3039 | D:4      | Killed Ijyb
  3124 | D:4      | Identified the +3 long sword of the Jester {venom, rF+ rN+
                  | Will+ Dex+3}
  3161 | D:4      | Found a staircase to the Ecumenical Temple.
  3333 | D:4      | Found a runed translucent door.
  3334 | D:4      | Noticed Crazy Yiuf
  3400 | D:4      | Noticed Menkaure
  3404 | D:4      | Killed Menkaure
  3405 | D:4      | Reached XP level 7. HP: 52/52 MP: 7/7
  3531 | Temple   | Entered the Ecumenical Temple
  3736 | Temple   | Became a worshipper of Cheibriados the Contemplative
  3898 | D:4      | Killed Crazy Yiuf
  3936 | D:5      | Entered Level 5 of the Dungeon
  3960 | D:5      | Reached skill level 1 in Invocations
  4011 | D:5      | Found Zocewn's General Store.
  4018 | D:5      | Reached skill level 1 in Stealth
  4534 | D:5      | Gained mutation: A meltable icy envelope protects you from
                  | harm. (AC +4) [demonic ancestry]
  4534 | D:5      | Reached XP level 8. HP: 57/60 MP: 9/9
  4595 | D:6      | Noticed a four-headed hydra
  4596 | D:6      | Found Kusatwuo's Hydra Hut.
  4636 | D:6      | Reached skill level 5 in Long Blades
  4636 | D:6      | Reached skill level 5 in Shields
  4838 | D:6      | Found a stormy altar of Qazlal.
  4946 | D:6      | Reached skill level 1 in Spellcasting
  4982 | D:6      | Reached * piety under Cheibriados
  5428 | D:7      | Noticed Maggie
  5438 | D:7      | Killed Maggie
  5735 | D:7      | Reached XP level 9. HP: 19/58 MP: 12/12
  5876 | D:7      | Reached ** piety under Cheibriados
  6321 | D:7      | Reached skill level 5 in Fighting
  6719 | D:7      | Learned a level 7 spell: Storm Form
  6940 | D:8      | Found a blossoming altar of Fedhas.
  6992 | D:8      | Reached skill level 5 in Invocations
  6999 | D:8      | Reached skill level 1 in Unarmed Combat
  7237 | D:8      | Noticed a two-headed ogre
  7238 | D:8      | Reached skill level 1 in Transmutations
  7245 | D:8      | Killed a two-headed ogre
  7246 | D:8      | Reached skill level 1 in Air Magic
  7246 | D:8      | Reached XP level 10. HP: 12/74 MP: 14/14
  8506 | D:9      | Noticed a two-headed ogre
  8516 | D:9      | Killed a two-headed ogre
  8855 | D:9      | Killed from afar by a meliai

Illustrated notes

Levels and vault maps discovered:
D:1:      minmay_arrival_four_loops, layout_loops_ring, minivault_26,
          grunt_decor_cap, minmay_misc_feat_alley, serial_park_tiny_2
D:2:      layout_loops_ring, serial_shops, shop, nicolae_shop_waterfront,
          nicolae_shop_stone, shop, basic_altar
D:3:      layout_basic, serial_shops, shop, supply_closet_lemuel, uniq_purgy
D:4:      layout_rooms, mainiacjoe_overflow_24_doors, temple_doors_e, uniq_ijyb,
          uniq_menkaure, uniq_crazy_yiuf_cottage
D:5:      layout_loops_cross, serial_shops, nicolae_shop_crystal
D:6:      layout_basic, lemuel_tele_altar, doesnt_shop_hydraphobe
D:7:      layout_gridville, minmay_misc_feat_tiny, eino_jars, uniq_maggie
D:8:      layout_basic, fedhas_bush_and_centaur_altar
D:9:      layout_irregular_city, vehumet_altar_wand_db, bloody_makhleb,
          marbit_many_paths
Temple:   eino_temple_water

Skill      XL: |  1  2  3  4  5  6  7  8  9 |
---------------+----------------------------+-----
Armour         | 3 4 |  4.6
Long Blades    | 2 3 4 6 |  6.9
Shields        | 3 4 5 6 |  6.2
Throwing       | 1 |  1.8
Dodging        | 1 2 3 4 |  4.8
Invocations    | 2 4 5 |  5.7
Stealth        | 1 2 |  2.0
Fighting       | 4 5 |  5.4
Spellcasting   | 1 3 |  3.4
Unarmed Combat | 2 |  2.7
Transmutations | 1 |  1.9
Air Magic      | 1 |  1.5

Action                   |  1- 3 |  4- 6 |  7- 9 | 10-12 || total
-------------------------+-------+-------+-------+-------++-------
Melee: Long sword        |    91 |   124 |   321 |    22 ||   558
       Unarmed           |       |    31 |       |       ||    31
Throw: Dart              |    15 |    16 |     5 |     3 ||    39
Evoke: Wand              |       |       |       |     1 ||     1
  Use: Potion            |     2 |     1 |     3 |       ||     6
       Scroll            |       |       |     1 |     1 ||     2
 Stab: Sleeping          |       |     1 |     2 |       ||     3
       Invisible         |       |       |     4 |       ||     4
Armor: Scale mail        |    44 |    42 |       |       ||    86
       Troll leather arm |       |    20 |    53 |       ||    73
       Skin              |       |     2 |       |       ||     2
       Plate armour      |       |       |    87 |    18 ||   105
Dodge: Dodged            |    30 |    60 |   106 |     6 ||   202
Block: Kite shield       |    67 |   128 |   322 |    30 ||   547
       Other             |       |     6 |       |       ||     6
       Rpst.: Long sword |    14 |    12 |    27 |     1 ||    54

Table legend: (Time is in decaauts)
 A = Elapsed time spent in this place.
 B = Non-inter-level travel time spent in this place.
 C = Inter-level travel time spent in this place.
 D = Time resting spent in this place.
 E = Time spent auto-exploring this place.
 F = Levels seen in this place.
 G = Mean time per level.
                   A        B        C        D        E       F      G
               +--------+--------+--------+--------+--------+-----+--------+
         Total |  10232 |   9455 |    777 |   1335 |   6569 |  10 | 1023.2 |
       Dungeon |  10007 |   9249 |    758 |   1335 |   6369 |   9 | 1111.9 |
        Temple |    225 |    207 |     18 |      0 |    200 |   1 |  225.0 |
               +--------+--------+--------+--------+--------+-----+--------+

Top non-repeatable levels by time:
     D:7: 1933 daAuts
     D:8: 1496 daAuts
     D:2: 1213 daAuts
     D:3: 1171 daAuts
     D:6: 1047 daAuts
     D:4: 905 daAuts
     D:5: 875 daAuts
     D:1: 754 daAuts
     D:9: 609 daAuts
  Temple: 225 daAuts
